 Dungeon Crawl Stone Soup version 0.24.0-1-gfbc8707 (webtiles) character file.

Game seed: 9860161514722982804, levelgen mode: deterministic

25 silenth the Cudgeler (level 2, -3/26 HPs)
             Began as a Minotaur Gladiator on Oct 26, 2019.
             Killed from afar by Sigmund (7 damage)
             ... with a puff of flame
             ... on level 2 of the Dungeon.
             The game lasted 00:01:03 (788 turns).

silenth the Cudgeler (Minotaur Gladiator)            Turns: 788, Time: 00:01:03

Health: -3/26      AC:  7    Str: 18    XL:     2   Next: 86%
Magic:  1/1        EV: 12    Int:  5    God:
Gold:   45         SH:  0    Dex: 11    Spells: 1/1 levels left

rFire    . . .     SeeInvis .   a - +0 flail
rCold    . . .     Gourm    .   (no shield)
rNeg     . . .     Faith    .   k - +0 ring mail
rPois    +         Spirit   .   c - +0 hat
rElec    .         Reflect  .   (no cloak)
rCorr    .         Harm     .   (no gloves)
MR       .....                  m - +1 pair of boots
Stlth    +.........             (no amulet)
HPRegen  0.08/turn              l - ring of poison resistance
MPRegen  0.07/turn              (no ring)

@: no status effects
A: retaliatory headbutt, horns 2
a: no special abilities


You were on level 2 of the Dungeon.
You were not hungry.

You visited 1 branch of the dungeon, and saw 2 of its levels.

You collected 45 gold pieces.

Inventory:

Hand Weapons
 a - a +0 flail (weapon)
Missiles
 d - 3 throwing nets (quivered)
 q - 8 javelins
Armour
 b - a +0 leather armour
 c - a +0 hat (worn)
 k - a +0 ring mail (worn)
 m - a +1 pair of boots (worn)
Jewellery
 j - an uncursed ring of ice
 l - a ring of poison resistance (left hand)
Scrolls
 f - 2 scrolls of enchant weapon {unknown}
 g - 2 scrolls of amnesia {unknown}
 h - a scroll of immolation {unknown}
 i - 2 scrolls of identify
 o - a scroll of fear {unknown}
Potions
 n - a potion of mutation
 p - a potion of curing
Comestibles
 e - 2 rations


   Skills:
 + Level 3.1 Fighting
 * Level 4.6 Maces & Flails
 - Level 2.0 Throwing
 - Level 3.2 Dodging


You had one spell level left.
You didn't know any spells.
Your spell library was empty.

Dungeon Overview and Level Annotations

Branches:
Dungeon (2/15)

Altars:

Annotations:
D:2 Sigmund


Innate Abilities, Weirdness & Mutations

You reflexively headbutt those who attack you in melee.
You have a pair of horns on your head.


Message History

You hit Sigmund but do no damage.
Sigmund hits you with a +3 scythe of venom.
You are poisoned.
Your ring mail prevents you from hitting Sigmund.
Your headbutt misses Sigmund.
You feel sick. Sigmund misses you.
You hit Sigmund but do no damage. You headbutt Sigmund!
Sigmund is moderately wounded.
You feel sick.
Sigmund hits you with a +3 scythe of venom!
You feel better.
Your ring mail prevents you from hitting Sigmund.
Sigmund is moderately wounded.
Sigmund hits you with a +3 scythe of venom!
You closely miss Sigmund.
Sigmund is moderately wounded.
Sigmund hits you with a +3 scythe of venom!
* * * LOW HITPOINT WARNING * * *
Sigmund casts a spell at you. The puff of flame hits you!
You die...

..... ..... ... ...
####.#### #..@....#
### #.##.##.#
#.######.......#####.#
#......#.#####@......#
######.#.# ##..######
#...####.....#
###.....†.##.#
#.####.###.#
#......###.#
###.....<..#
#...###### #...#


You could see Sigmund.

Vanquished Creatures
  2 dart slugs (D:1)
  A leopard gecko (D:1)
  2 giant cockroaches (D:1)
  2 goblins (D:1)
  2 hobgoblins (D:1)
  4 kobolds
  3 bats (D:1)
  3 rats (D:1)
19 creatures vanquished.

Notes
Turn   | Place    | Note
-------+----------+-------------------------------------------
     0 | D:1      | silenth the Minotaur Gladiator began the quest for the Orb.
     0 | D:1      | Reached XP level 1. HP: 18/18 MP: 0/0
   121 | D:1      | Reached skill level 4 in Maces & Flails
   148 | D:1      | Reached XP level 2. HP: 19/25 MP: 1/1
   286 | D:1      | Reached skill level 3 in Fighting
   771 | D:2      | Noticed Sigmund
   788 | D:2      | Killed from afar by Sigmund

Levels and vault maps discovered:
D:1:      dpeg_arrival_triangle_fractal, layout_loops_ring,
          minmay_tiny_reverse_x
D:2:      layout_loops_cross, elyvilon_altar_3, uniq_sigmund

Skill      XL: |  1  2 |
---------------+-------+-----
Maces & Flails | 4 |  4.6
Fighting       | 3 |  3.1
Throwing       | |  2.0
Dodging        | |  3.2

Action                   || total
-------------------------++-------
Melee: Flail             ||    39
       Headbutt          ||     5
  Use: Scroll            ||     2
       Potion            ||     1
Armor: Leather armour    ||     6
       Ring mail         ||     9
Dodge: Dodged            ||    22
